 Dungeon Crawl Stone Soup version bcrawl-1.23.1 (webtiles) character file.

Game seed: 16231386605302808069

104 funkygono the Shield-Bearer (level 4, -2/29 HPs)
             Began as a Gargoyle Fighter on May 27, 2020.
             Slain by a bullfrog (9 damage)
             ... on level 3 of the Dungeon.
             The game lasted 00:03:54 (2158 turns).

funkygono the Shield-Bearer (Gargoyle Fighter)      Turns: 2158, Time: 00:03:55

Health: -2/29      AC: 10    Str: 20    XL:     4   Next: 80%
Magic:  4/4        EV:  6    Int:  9    God:
Gold:   88         SH: 12    Dex:  9    Spells: 3/3 levels left

rFire    . . .     SeeInvis .   a - +0 flail
rCold    . . .     Gourm    .   c - +0 medium shield
rNeg     + . .     Faith    .   b - +0 scale mail
rPois    ∞         Spirit   .   (no helmet)
rElec    +         Reflect  +   (no cloak)
rCorr    .         Harm     .   (no gloves)
MR       .....                  (no boots)
Stlth    ..........             p - +3 amulet of reflection
HPRegen  0.09/turn              (no ring)
MPRegen  0.09/turn              (no ring)

@: no status effects
A: negative energy resistance 1, electricity resistance, unbreathing,
petrification resistance, rot immunity, AC +3
a: no special abilities


You were on level 3 of the Dungeon.
You were hungry.

You visited 1 branch of the dungeon, and saw 3 of its levels.

You collected 88 gold pieces.

Inventory:

Hand Weapons
 a - a +0 flail (weapon)
 k - a cursed -1 hunting sling
Missiles
 g - 354 stones (quivered)
 o - 133 bolts
Armour
 b - a +0 scale mail (worn)
 c - a +0 medium shield (worn)
Jewellery
 p - a +3 amulet of reflection (around neck)
Potions
 d - 3 potions of might
 i - a potion of curing {unknown}
 j - a potion of flight {unknown}
 m - a potion of agility {unknown}
 n - a potion of mutation {unknown}
 q - a potion of haste {unknown}
Comestibles
 e - 8 rations {!d}


   Skills:
 + Level 4.0 Fighting
 + Level 2.7 Maces & Flails
 + Level 3.5 Armour
 + Level 1.4 Dodging
 + Level 4.1 Shields


You had 3 spell levels left.
You didn't know any spells.
Your spell library was empty.

Dungeon Overview and Level Annotations

Branches:
Dungeon (3/12)

Altars:
Yredelemnul

Annotations:
D:3 Jessica


Innate Abilities, Weirdness & Mutations

You are resistant to torment.
Your stone body is resilient. (AC +3)
You are immune to poison.
You resist negative energy. (rN+)
You are resistant to electric shocks. (rElec)
You can survive without breathing.
You are immune to petrification.
You are immune to rotting.


Message History

The orc priest hits you with a +0 hand axe.
* * * LOW HITPOINT WARNING * * *
Jessica barely misses you. You block the orc priest's attack.
You sock the orc priest!
You kill the orc priest!
A bullfrog comes into view.
Jessica points at you and mumbles some strange words.
You barely resist.
The bullfrog gives a loud, deep croak!
You hear a shout!
Jessica barely misses you.
Things that are here:
a +0 hand axe; a +0 leather armour You closely miss Jessica.
You block Jessica's attack.
You hit Jessica but do no damage. You block Jessica's attack.
You block the bullfrog's attack. Jessica hits you but does no damage.
Your shield prevents you from hitting Jessica.
The bullfrog hits you but does no damage.
Jessica casts a spell.
Jessica seems to speed up.
The bullfrog hits you!
You die...

.....
.#...#######
.........>.#
..#.#......#
....?......#
..#.#(.....#
...........#
..####F..###
..####.@.#
.......@.##
.........<#
..#####...#
. #...#
#...#
...##..<#
(.......#
..!####.#


You could see a bullfrog and Jessica.

Vanquished Creatures
  An orc priest (D:3)
  A hound skeleton (D:2)
  An adder (D:2)
  3 worms
  A dart slug (D:2)
  2 leopard geckos
  2 bats
  4 goblins
  4 hobgoblins (D:2)
  4 jackals (D:2)
  3 quokkas
  A ball python (D:2)
  2 frilled lizards
  6 kobolds
  6 rats
  A spectral orc (D:2)
42 creatures vanquished.

Notes
Turn   | Place    | Note
-------+----------+-------------------------------------------
     0 | D:1      | funkygono the Gargoyle Fighter began the quest for the Orb.
     0 | D:1      | Reached XP level 1. HP: 14/14 MP: 1/1
   201 | D:1      | Reached XP level 2. HP: 17/20 MP: 2/2
   735 | D:2      | Reached XP level 3. HP: 24/24 MP: 3/3
   772 | D:2      | Reached skill level 1 in Dodging
  1410 | D:2      | Reached XP level 4. HP: 9/29 MP: 4/4
  1772 | D:2      | Found a basalt altar of Yredelemnul.
  1877 | D:3      | Noticed Jessica
  2154 | D:3      | Noticed a bullfrog
  2158 | D:3      | Slain by a bullfrog

Skill      XL: |  1  2  3  4 |
---------------+-------------+-----
Dodging        | 1 |  1.4
Fighting       | 4 |  4.0
Shields        | 4 |  4.1
Maces & Flails | |  2.7
Armour         | |  3.5

Action                   |  1- 3 |  4- 6 || total
-------------------------+-------+-------++-------
Melee: Whip              |   223 |    15 ||   238
       Flail             |       |    47 ||    47
  Use: Scroll            |     3 |     3 ||     6
  Eat: Chunk             |     2 |     2 ||     4
Armor: Scale mail        |   103 |    32 ||   135
Dodge: Dodged            |    48 |    12 ||    60
Block: Medium shield     |   104 |    44 ||   148
